 Dungeon Crawl Stone Soup version 0.31-a0-4-gefa6de2278 (webtiles) character file.

Game seed: 12221993637264343354

209 Mesmaeker13 the Insei (level 5, -2/36 HPs)
             Began as an Octopode Transmuter on May 3, 2023.
             Slain by an orc wizard
             ... wielding a +0 whip
              (4 damage)
             ... on level 3 of the Dungeon.
             The game lasted 00:05:24 (3409 turns).

Mesmaeker13 the Insei (Octopode Transmuter)         Turns: 3409, Time: 00:05:24

Health: -2/36      AC:  1    Str:  9    XL:     5   Next: 87%
Magic:  8/8        EV: 13    Int: 17    God:
Gold:   175        SH:  0    Dex: 13    Spells: 1/8 levels left

rFire   . .          .
                       - Unarmed
rCold   . . .        (no shield)
rNeg    . . .        (helmet restricted)
rPois   .            (no amulet)
rElec   .            (no ring)
rCorr   .            (no ring)
SInv    .            (no ring)
Will    .....        (no ring)
Stlth   ++           (no ring)
HPRegen 0.26/turn    (no ring)
MPRegen 0.11/turn    (no ring)
                     (no ring)

%: no passive effects
@: confused
A: almost no armour, amphibious, 8 rings, camouflage 1, gelatinous body 1,
(nimble swimmer 1), tentacles
a: no special abilities


You were on level 3 of the Dungeon.
You visited 1 branch of the dungeon, and saw 3 of its levels.

You collected 175 gold pieces.

Inventory:

Missiles
 i - 3 poisoned darts
Scrolls
 b - a scroll of identify
 d - a scroll of vulnerability
 e - a scroll of immolation
 f - a scroll of blinking {unknown}
 g - 2 scrolls of teleportation {unknown}
 h - 2 scrolls of poison {unknown}
 l - a scroll of magic mapping {unknown}
Potions
 c - a potion of cancellation
 j - a potion of resistance
 k - a potion of heal wounds {unknown}
 m - a potion of curing {unknown}


   Skills:
 + Level 3.0 Fighting
 - Level 2.0 Dodging
 + Level 4.2 Unarmed Combat
 - Level 2.0 Spellcasting
 + Level 3.6 Transmutations
 + Level 1.3 Ice Magic


You had one spell level left.
You knew the following spells:

 Your Spells              Type           Power      Damage    Failure   Level
a - Beastly Appendage     Tmut           26%        N/A       4%          1
b - Wereblood             Tmut           13%        N/A       7%          2
c - Ice Form              Ice/Tmut       10%        N/A       56%         4

Your spell library contained the following spells:

 Spells                   Type           Power      Damage    Failure   Level
 Spider Form              Tmut/Pois      7%         N/A       28%         3
 Inner Flame              Hex/Fire       1%         N/A       50%         3
 Yara's Violent Unravell  Hex/Tmut       3%         3d4       95%         5
 Enfeeble                 Hex            0%         N/A       100%        7


Dungeon Overview and Level Annotations

Branches:
Dungeon (3/15)

Altars:

Shops:
D:1 :??(   D:2 *   D:3 (


Innate Abilities, Weirdness & Mutations

You cannot wear most types of armour.
You are amphibious.
You can wear up to eight rings at the same time.
Your skin changes colour to match your surroundings (Stealth+).
Your rubbery body absorbs attacks. (AC +1, EV +1)
((You are camouflaged when in or above water. (Stealth+)))
You have tentacles for arms and can constrict up to eight enemies at once.


Message History

An orc wizard appears from thin air!
Reactivating autopickup.
The orc wizard barely misses you.
You feel less confused.
The orc wizard points at you and mumbles some strange words.
You resist with some effort.
The orc wizard hits you but does no damage.
You hit the orc wizard.
The orc wizard is severely wounded.
The orc wizard hits you but does no damage.
You closely miss the orc wizard.
The orc wizard is severely wounded.
The orc wizard points at you and mumbles some strange words.
The magic dart hits you but does no damage.
You hit the orc wizard but do no damage.
The orc wizard is severely wounded.
The orc wizard hits you but does no damage.
You completely miss the orc wizard.
The orc wizard is severely wounded.
The orc wizard gestures at you while chanting.
You are confused.
You cannot move. (Use ctrl+direction or * direction to attack while stationary and confused.)
You cannot move. (Use ctrl+direction or * direction to attack while stationary and confused.)
You cannot move. (Use ctrl+direction or * direction to attack while stationary and confused.) Unknown command.
The orc wizard hits you but does no damage.
You feel less wooden.
The orc wizard points at you and mumbles some strange words.
You are more confused.
Unknown command.
The orc wizard attacks as you move away!
The orc wizard hits you with a +0 whip.
* * * LOW HITPOINT WARNING * * *
Unknown command.
You're too confused to cast spells.
Unknown command.
You bump into the rock wall.
The orc wizard hits you with a +0 whip.
* * * LOW HITPOINT WARNING * * *
You bump into the dead tree.
The orc wizard hits you with a +0 whip.
You die...

.. ♣ ♣.♣.######## ..♣.
♣.♣.# ..♣♣♣♣♣..♣ ..♣.
♣..♣ ♣♣.. ♣.♣♣ ♣.J♣
♣♣.♣# ♣.♣♣♣♣♣.♣.#
♣♣o♣......# ###########
#@♣.♣.♣♣..# #.........#
##.♣♣.)..## #.#######.#
#...##.## #.#
#####.#####†.##)# #.#
#...............########
#.#
#.###.#####...#.........
#.###.###.#
#.....########.
#.........# ##...##
######..###.# ##.##


You could see an orc wizard.

Vanquished Creatures
  Jessica (D:3)
  Terence (D:2)
  4 gnolls
  2 adders (D:3)
  3 adder zombies (D:3)
  2 worms (D:2)
  5 dart slugs
  An orc (D:3)
  8 bats
  6 endoplasms
  2 giant cockroaches
  9 goblins
  10 hobgoblins
  2 jackals (D:2)
  4 kobolds
  4 quokkas
  5 ball pythons
  A frilled lizard (D:3)
  2 rats
72 creatures vanquished.

Vanquished Creatures (others)
  A fungus (D:3)
  4 plants (D:3)
5 creatures vanquished.

Grand Total: 77 creatures vanquished

Notes
Turn   | Place    | Note
-------+----------+-------------------------------------------
     0 | D:1      | Mesmaeker13 the Octopode Transmuter began the quest for the
                  | Orb.
     0 | D:1      | Reached XP level 1. HP: 13/13 MP: 3/3
    72 | D:1      | Reached XP level 2. HP: 16/18 MP: 5/5
    75 | D:1      | Learned a level 2 spell: Wereblood
   332 | D:1      | Found Asidgh's Weapon Shoppe.
   350 | D:1      | Reached XP level 3. HP: 19/24 MP: 6/6
   589 | D:1      | Found Tint's Book Emporium.
   633 | D:1      | Found Riret's Magic Scroll Boutique.
   730 | D:1      | Found Asyunaal's Magic Scroll Shoppe.
  1459 | D:2      | Reached XP level 4. HP: 18/29 MP: 5/7
  1625 | D:2      | Learned a level 4 spell: Ice Form
  1768 | D:2      | Noticed Terence
  1782 | D:2      | Killed Terence
  1783 | D:2      | Reached skill level 4 in Unarmed Combat
  1783 | D:2      | Reached XP level 5. HP: 10/35 MP: 8/8
  2110 | D:2      | Found Fuhigon's Assorted Antiques.
  2579 | D:3      | Reached skill level 1 in Ice Magic
  2594 | D:3      | Noticed Jessica
  2603 | D:3      | Killed Jessica
  2943 | D:3      | Found a faded altar of an unknown god.
  2990 | D:3      | Found Jeemier's Antique Weapon Shop.
  3408 | D:3      | HP: 1/36 [orc wizard/+0 whip (5)]
  3409 | D:3      | Slain by an orc wizard

Illustrated notes

Levels and vault maps discovered:
D:1:      minmay_arrival_diagonal_passages, layout_basic, serial_shops, shop,
          shop, shop, nicolae_shop_pleasant_corner_grove, minmay_box_of_dots
D:2:      layout_loops_cross, serial_shops, nicolae_diamond_shop,
          minmay_misc_feat_more_columns, uniq_terence
D:3:      layout_loops_corners, nicolae_yredelemnul_corpse_copse, serial_shops,
          shop, shapermc_ecumenical_altar_mp_urbaneastern, serial_bayou_pond_a,
          uniq_jessica

Skill      XL: |  1  2  3  4  5 |
---------------+----------------+-----
Fighting       | 2 3 |  3.0
Transmutations | 3 |  3.6
Unarmed Combat | 4 |  4.2
Ice Magic      | 1 |  1.3
Dodging        | |  2.0
Spellcasting   | |  2.0

Action                     |  1- 3 |  4- 6 || total
---------------------------+-------+-------++-------
  Melee: Unarmed           |    84 |   105 ||   189
         Constrict         |    24 |    26 ||    50
         Kick              |    21 |    34 ||    55
         Tentacles         |    13 |    23 ||    36
         Punch             |     1 |     3 ||     4
   Cast: Beastly Appendage |    28 |    23 ||    51
         Wereblood         |     1 |     4 ||     5
    Use: Scroll            |       |     4 ||     4
         Potion            |       |     1 ||     1
   Stab: Sleeping          |     3 |     4 ||     7
 Armour: Skin              |     5 |    24 ||    29
  Dodge: Dodged            |    47 |    59 ||   106

Table legend: (Time is in decaauts)
 A = Elapsed time spent in this place.
 B = Non-inter-level travel time spent in this place.
 C = Inter-level travel time spent in this place.
 D = Time resting spent in this place.
 E = Time spent auto-exploring this place.
 F = Levels seen in this place.
 G = Mean time per level.
                   A        B        C        D        E       F      G
               +--------+--------+--------+--------+--------+-----+--------+
         Total |   3399 |   3154 |    245 |    677 |   1779 |   3 | 1133.0 |
       Dungeon |   3399 |   3154 |    245 |    677 |   1779 |   3 | 1133.0 |
               +--------+--------+--------+--------+--------+-----+--------+

Top non-repeatable levels by time:
     D:1: 1258 daAuts
     D:2: 1081 daAuts
     D:3: 1060 daAuts
